AoeStats
← LukKing ♿

Arabia

503233193Analyzed
4v4 RM · 1mo ago on Aug 30, 2026· 50m 55s· 8 players
Game mode
Random Map
Map size
Large (8 player)
Population
200
Speed
Normal
Resources
Standard
Victory
Conquest
Starting age
Dark Age
Ending age
Imperial Age
RankedLock teamsTeams togetherTeam positionsShared explorationLock speedFull tech treeHidden civsTurbo modeCheats
Victory
Defeat
🇩🇰 Berbers · Denmark
1043
+13
🇩🇰 Magyars · Denmark
1007
+14
🇩🇰 Burgundians · Denmark
999
+15
🇩🇰 Spanish · Denmark
966
+16
🇨🇿 Japanese · Czechia
1033
-17
🇨🇿 Romans · Czechia
1004
-16
🇨🇿 Maya · Czechia
984
-15
🇨🇿 Franks · Czechia
870
-10
h9ard
9:59 Feudal Age
10:36 Double-Bit Axe
10:59 Horse Collar
20:13 Castle Age
19:04 Scale Mail Armor
23:26 Bow Saw
23:35 Loom
23:45 Gold Mining
23:46 Stone Mining
24:18 Heavy Plow
25:04 Chain Mail Armor
25:00 Forging
24:13 Pikeman
24:14 Man-at-Arms
26:27 Squires
27:12 Long Swordsman
28:59 Iron Casting
29:06 Elite Skirmisher
39:58 Imperial Age
40:34 Ballistics
40:11 Halberdier
40:11 Legionary
40:18 Heavy Scorpion
42:20 Crop Rotation
44:22 Blast Furnace
44:13 Gold Shaft Mining
LukKing ♿
9:52 Feudal Age
12:00 Double-Bit Axe
18:13 Castle Age
18:42 Gold Mining
20:40 Husbandry
21:51 Fletching
22:12 Forging
25:42 Scale Mail Armor
25:38 Bodkin Arrow
26:21 Iron Casting
29:53 Bodkin Arrow
30:14 Chain Mail Armor
30:06 Scale Barding Armor
33:46 Ballistics
34:21 Chain Barding Armor
34:02 Padded Archer Armor
37:02 Imperial Age
35:41 Wheelbarrow
36:29 Chain Mail Armor
39:22 Blast Furnace
38:59 Plate Barding Armor
37:50 Cavalier
41:03 Hand Cart
40:10 Paladin
42:49 Plate Mail Armor
カニ
9:28 Loom
11:36 Feudal Age
12:40 Double-Bit Axe
12:38 Horse Collar
20:01 Castle Age
19:58 Stone Mining
20:49 Heavy Plow
21:02 Bow Saw
21:43 Squires
23:50 Wheelbarrow
31:16 Imperial Age
29:35 Hand Cart
29:52 Gold Mining
30:07 Scale Mail Armor
31:42 Gold Shaft Mining
31:36 Chain Mail Armor
31:32 Forging
31:10 Arson
32:31 Conscription
32:02 Elite Samurai
37:01 Iron Casting
36:57 Plate Mail Armor
39:15 Blast Furnace
41:43 Pikeman
44:40 Chemistry
43:35 Murder Holes
43:12 Halberdier
upreal
0:37 Loom
10:53 Feudal Age
11:32 Double-Bit Axe
15:04 Horse Collar
16:55 Gold Mining
18:24 Forging
18:06 Fletching
19:25 Forging
21:07 Wheelbarrow
26:39 Castle Age
32:44 Pikeman
32:53 Pikeman
33:36 Squires
37:29 Bow Saw
37:32 Elite Skirmisher
38:43 Heavy Plow
41:30 Bodkin Arrow
43:43 Iron Casting
Rudy
7:10 Loom
10:57 Feudal Age
10:42 Double-Bit Axe
14:33 Wheelbarrow
16:44 Hand Cart
16:51 Bow Saw
21:23 Castle Age
19:28 Gold Mining
19:22 Horse Collar
21:10 Scale Barding Armor
21:15 Forging
21:19 Fletching
22:06 Husbandry
23:13 Cavalier
23:56 Town Watch
26:02 Two-Man Saw
27:56 Chain Barding Armor
28:12 Iron Casting
28:14 Town Patrol
29:51 Bodkin Arrow
30:56 Gold Shaft Mining
30:12 Stone Mining
35:48 Imperial Age
33:18 Pikeman
33:58 Squires
34:25 Padded Archer Armor
35:25 Stone Shaft Mining
37:07 Conscription
38:08 Ballistics
38:49 Chemistry
37:46 Murder Holes
39:39 Halberdier
39:41 Elite Skirmisher
43:15 Hoardings
42:47 Burgundian Vineyards
43:51 Plate Barding Armor
44:17 Blast Furnace
43:18 Bracer
43:33 Masonry
43:04 Treadmill Crane
43:28 Paladin
47:18 Architecture
46:59 Fortified Wall
Space
10:03 Feudal Age
19:04 Castle Age
17:30 Double-Bit Axe
19:12 Horse Collar
20:33 Fletching
22:08 Bow Saw
23:11 Bodkin Arrow
24:27 Wheelbarrow
23:39 Loom
24:40 Padded Archer Armor
27:02 Heavy Plow
27:37 Scale Barding Armor
27:48 Leather Archer Armor
28:56 Bloodlines
28:47 Husbandry
29:10 Ballistics
29:36 Forging
30:22 Hand Cart
30:05 Treadmill Crane
32:10 Chain Barding Armor
32:04 Murder Holes
35:37 Iron Casting
34:26 Light Cavalry
35:18 Thumb Ring
35:37 Gold Mining
35:40 Stone Mining
38:56 Imperial Age
38:31 Kasbah
38:59 Heavy Camel Rider
39:01 Hussar
40:22 Conscription
40:42 Plate Barding Armor
40:08 Bracer
40:50 Maghrebi Camels
41:12 Guilds
41:35 Ring Archer Armor
41:02 Town Watch
41:01 Capped Ram
42:35 Gold Shaft Mining
41:34 Elite Camel Archer
48:23 Blast Furnace
49:13 Chemistry
48:18 Siege Engineers
50:30 Crop Rotation
Sikkerhimovic
10:26 Feudal Age
13:08 Loom
18:16 Castle Age
16:39 Double-Bit Axe
16:56 Horse Collar
19:49 Scale Barding Armor
19:35 Fletching
19:52 Heavy Plow
28:08 Chain Barding Armor
29:59 Wheelbarrow
30:58 Husbandry
31:08 Bloodlines
31:36 Ballistics
36:00 Hand Cart
38:40 Imperial Age
38:58 Elite Conquistador
41:15 Chemistry
40:02 Arrowslits
40:55 Plate Barding Armor
40:18 Bodkin Arrow
42:04 Gold Mining
42:05 Stone Mining
42:33 Bow Saw
42:49 Town Watch
43:34 Supremacy
46:04 Bracer
TheLegendOfFissan
10:49 Feudal Age
15:36 Castle Age
15:14 Double-Bit Axe
22:43 Scale Barding Armor
25:26 Wheelbarrow
29:48 Bloodlines
29:42 Loom
31:13 Horse Collar
32:34 Chain Barding Armor
32:47 Corvinian Army
38:25 Imperial Age
37:16 Husbandry
37:37 Fletching
38:28 Bow Saw
38:45 Bodkin Arrow
38:23 Elite Skirmisher
39:38 Conscription
40:41 Elite Magyar Huszar
43:38 Plate Barding Armor
45:55 Hand Cart
45:46 Gold Mining
48:50 Gold Shaft Mining
48:13 Stone Mining
49:04 Padded Archer Armor
50:29 Bracer
50:45 Leather Archer Armor
Connection lost

Rejoining the realm…

Still unreachable

The connection could not be restored.

Session expired

The server has moved on; the page needs a fresh start.